 Dungeon Crawl Stone Soup version 0.28.0-45-g0d030f2227 (webtiles) character file.

Game seed: 14641094406141697091

669 Gabide the Insei (level 7, -1/35 (54) HPs)
             Began as a Human Monk on Apr 4, 2022.
             Slain by Duvessa
             ... wielding a +2 short sword of draining
              (8 damage)
             ... on level 4 of the Dungeon.
             The game lasted 00:07:23 (7537 turns).

Gabide the Insei (Human Monk)                       Turns: 7537, Time: 00:07:24

HP:   -1/35 (54)    AC:  6    Str: 11    XL:     7   Next: 89%
MP:   7/7           EV: 14    Int: 13    God:
Gold: 131           SH:  0    Dex: 17    Spells: 6/6 levels left

rFire   . . .      SeeInvis .     - Unarmed
rCold   . . .      Faith    .   (no shield)
rNeg    . . .      Spirit   .   a - +0 robe
rPois   .          Reflect  .   (no helmet)
rElec   .          Harm     .   f - +0 cloak
rCorr   .          Rampage  .   k - +0 pair of gloves
Will    .....                   (no boots)
Stlth   ++........              (no amulet)
HPRegen 0.11/turn               (no ring)
MPRegen 0.10/turn               (no ring)

@: very heavily drained
A: iridescent scales 1, clever 1
a: no special abilities


You were on level 4 of the Dungeon.
You visited 1 branch of the dungeon, and saw 4 of its levels.

You collected 131 gold pieces.

Inventory:

Armour
 a - a +0 robe (worn)
 f - a +0 cloak (worn)
 i - a scarf of harm
 k - a +0 pair of gloves (worn)
Scrolls
 b - 2 scrolls of enchant weapon
 e - a scroll of brand weapon
Potions
 c - a potion of attraction


   Skills:
 * Level 4.1 Fighting
 * Level 5.0 Dodging
 + Level 2.9 Stealth
 * Level 6.6 Unarmed Combat
 - Level 0.2 Evocations


You had 6 spell levels left.
You didn't know any spells.
Your spell library contained the following spells:

 Spells                   Type           Power      Damage    Failure   Level
 Portal Projectile        Hex/Tloc       0%         N/A       67%         3
 Blade Hands              Tmut           0%         N/A       100%        5
 Excruciating Wounds      Necr           0%         N/A       100%        5


Dungeon Overview and Level Annotations

Branches:
Dungeon (4/15)
 Temple: D:4-7

Altars:

Annotations:
D:4 Dowan, Duvessa


Innate Abilities, Weirdness & Mutations

You are partially covered in iridescent scales. (AC +2)
Your mind is acute. (Int +2)


Message History

The orc hits you with a +0 dagger. The orc misses you.
You hit the orc but do no damage.
The orc is heavily wounded.
The orc misses you.
Dowan points at Duvessa and mumbles some strange words.
Duvessa seems to speed up.
The orc rages.
The orc closely misses you. The orc hits you but does no damage.
Dowan gestures wildly while chanting.
Dowan blinks!
The orc hits you but does no damage. The orc misses you.
The orc rages.
The orc hits you with a +0 dagger. The orc barely misses you.
The orc rages.
The orc completely misses you.
Unknown command.
Unknown command.
Okay, then.
Okay, then.
The orc hits you but does no damage.
The orc rages.
The orc closely misses you.
The orc is no longer berserk.
Duvessa completely misses you. Duvessa hits you but does no damage.
You feel drained.
Duvessa hits you with a +2 short sword of draining!
You feel drained.
Duvessa hits you with a +2 short sword of draining.
You feel drained.
Duvessa hits you with a +2 short sword of draining.
You feel drained.
Duvessa says, "Where magic fails, the sword succeeds!"
Duvessa hits you with a +2 short sword of draining.
* * * LOW HITPOINT WARNING * * *
You feel drained.
* * * LOW HITPOINT WARNING * * *
Duvessa hits you with a +2 short sword of draining!
You die...

######### ###
#<....... ..#
#.####### #.# #.# #.#
#.###### #.#
###......# #.#
#......#.#####.####.#
#.#.##.#.....@......#
#.#.##.#######e####.#
#.#.##.# #.#
#.#.##.#######.#
#.#............#######
#######
#.#.##.........o..oo.#
#......
#.#.################.#
#.##### #..># #.###.#
####..## ##### #.....#


You could see Duvessa (fast) and an orc.

Vanquished Creatures
  Grinder (D:3)
  Sigmund (D:3)
  Crazy Yiuf (D:3)
  A hound (D:4)
  Terence (D:3)
  Natasha (thrice) (D:3)
  8 adders
  An ufetubus (D:4)
  An adder skeleton (D:4)
  2 dart slugs (D:2)
  8 orcs
  7 ball pythons
  9 endoplasms
  5 hobgoblins
  5 jackals
  4 kobolds
  A quokka (D:2)
  5 bats
  A frilled lizard (D:3)
  3 goblins
  3 rats
71 creatures vanquished.

Notes
Turn   | Place    | Note
-------+----------+-------------------------------------------
     0 | D:1      | Gabide the Human Monk began the quest for the Orb.
     0 | D:1      | Reached XP level 1. HP: 18/18 MP: 1/1
   115 | D:1      | Found a faded altar of an unknown god.
   225 | D:1      | Reached XP level 2. HP: 24/24 MP: 2/2
   496 | D:1      | You fall into a shaft and drop 1 floor!
   936 | D:2      | Reached XP level 3. HP: 23/29 MP: 3/3
  1860 | D:2      | Reached XP level 4. HP: 16/35 MP: 4/4
  2451 | D:3      | Noticed Sigmund
  3053 | D:3      | Reached skill level 4 in Unarmed Combat
  3298 | D:3      | Reached XP level 5. HP: 21/41 MP: 5/5
  3550 | D:3      | HP: 2/41 [orc/+0 flail (10)]
  4076 | D:3      | Noticed Terence
  4111 | D:3      | Killed Terence
  4307 | D:3      | Noticed Natasha
  4320 | D:3      | Killed Natasha
  4687 | D:3      | Killed Sigmund
  4688 | D:3      | Reached skill level 5 in Unarmed Combat
  4688 | D:3      | Reached XP level 6. HP: 48/48 MP: 6/6
  4884 | D:3      | Noticed Natasha
  4895 | D:3      | Killed Natasha
  4956 | D:3      | Found a runed translucent door.
  4956 | D:3      | Noticed Grinder
  4956 | D:3      | Noticed Crazy Yiuf
  4971 | D:3      | Killed Crazy Yiuf
  4972 | D:3      | Reached XP level 7. HP: 6/52 MP: 7/7
  4976 | D:3      | HP: 2/52 [poisoned by Crazy Yiuf]
  4983 | D:3      | Noticed Natasha
  5428 | D:3      | Killed Natasha
  5780 | D:3      | Paralysed by Grinder for 3 turns
  5793 | D:3      | Gained mutation: Your mind is acute. (Int +2) [potion of
                  | mutation]
  5793 | D:3      | Gained mutation: You are partially covered in iridescent
                  | scales. (AC +2) [potion of mutation]
  5800 | D:3      | Killed Grinder
  5801 | D:3      | Reached skill level 5 in Dodging
  5801 | D:3      | Reached skill level 6 in Unarmed Combat
  6200 | D:4      | Noticed Duvessa
  6950 | D:4      | Noticed Dowan
  7537 | D:4      | Slain by Duvessa

Illustrated notes

Levels and vault maps discovered:
D:1:      dpeg_arrival_arbitrary_a, layout_rooms,
          shapermc_ecumenical_altar_ellora
D:2:      layout_loops_cross
D:3:      layout_rooms, hangedman_decor_clover_reticule,
          uniq_crazy_yiuf_cottage, uniq_grinder, uniq_natasha, uniq_sigmund,
          uniq_terence
D:4:      layout_loops_ring, minmay_overflow_temple_hex,
          minmay_temple_entry_butterflies, uniq_duvessa

Skill      XL: |  1  2  3  4  5  6  7 |
---------------+----------------------+-----
Unarmed Combat | 4 5 6 |  6.6
Dodging        | 4 5 |  5.0
Fighting       | 4 |  4.1
Stealth        | |  2.9
Evocations     | |  0.2

Action                   |  1- 3 |  4- 6 |  7- 9 || total
-------------------------+-------+-------+-------++-------
Melee: Unarmed           |    93 |   166 |    94 ||   353
       Punch             |     3 |     7 |     4 ||    14
Evoke: Wand              |       |     3 |     4 ||     7
  Use: Scroll            |       |     5 |       ||     5
       Potion            |       |     1 |     3 ||     4
 Stab: Sleeping          |     7 |     2 |     3 ||    12
Armor: Robe              |    12 |    24 |    25 ||    61
Dodge: Dodged            |    68 |   114 |    55 ||   237
